 Dungeon Sprint DCSS version 0.30-a0-800-g7c544603b3 (webtiles) character file.

Game seed: 5283816043640240525

900000 BigDaddyOpFi the Acrobat (level 15, -64/85 HPs)
             Began as a Djinni Necromancer on Feb 22, 2023.
             Annihilated by a meat berserker
             ... wielding a +9 battleaxe
              (71 damage)
             ... in the Dungeon (Sprint VIII: "Arena of Blood").
             The game lasted 00:00:15 (9 turns).

BigDaddyOpFi the Acrobat (Djinni Necromancer)          Turns: 9, Time: 00:00:16

Health: -64/85     AC:  2    Str:  7    XL:     15   Next: 69%
Gold:   0          EV: 32    Int: 18    God:
                   SH:  0    Dex: 20

rFire   + + .      SeeInvis .    g - +∞ Axe of Woe
rCold   x . .      Faith    .    (shield currently unavailable)
rNeg    . . .      Spirit   .    a - +0 robe
rPois   ∞          Reflect  .    (no helmet)
rElec   .          Harm     .    (no cloak)
rCorr   .          Rampage  .    (no gloves)
Will    +....      NoTele   +    (boots unavailable)
Stlth   +++++++++                (no amulet)
HPRegen 0.34/turn                (no ring)
MPRegen 0.00/turn                (no ring)

@: flying
A: sickness immunity, fire resistance 2, cold vulnerability 1, float, innate
caster, HP casting, extra vitality 1
a: no special abilities


You were in the Dungeon.
You visited 1 branch

Inventory:

Hand Weapons
 g - the +∞ Axe of Woe (weapon)
   (You found it in the Dungeon)
Armour
 a - a +0 robe (worn)
Scrolls
 f - a scroll of blinking
Potions
 b - a potion of curing
 c - a potion of heal wounds
 d - a potion of haste
 e - a potion of berserk rage


   Skills:
 + Level 26.5 Dodging
 + Level 22.8 Stealth
 + Level 19.8 Spellcasting


You knew the following spells:

 Your Spells              Type           Power      Damage    Failure   Level
a - Necrotise             Necr           100%       1d9       0%          1
b - Vampiric Draining     Necr           73%        2d11      0%          3
c - Animate Dead          Necr           73%        N/A       0%          4
d - Agony                 Necr           73%        N/A       1%          5
e - Beastly Appendage     Tmut           100%       N/A       0%          1
f - Passwall              Tmut/Erth      60%        N/A       0%          2
g - Mephitic Cloud        Conj/Pois/Air  73%        N/A       0%          3
h - Petrify               Tmut/Erth      73%        N/A       0%          4
i - Blade Hands           Tmut           36%        N/A       1%          5
j - Metabolic Englaciati  Hex/Ice        36%        N/A       1%          5
k - Eringya's Noxious Bo  Tmut/Pois      36%        N/A       1%          6
Your spell library was empty.

Dungeon Overview and Level Annotations

Branches:
Dungeon (1/1)

Altars:
Makhleb


Innate Abilities, Weirdness & Mutations

You are immune to sickness and miasma.
You are immune to poison.
Your flesh is very heat resistant. (rF++)
You are vulnerable to cold. (rC-)
You float through the air rather than walking.
You learn spells naturally, not from books.
Your magical power is your life essence.
You have superior vitality. (+4 MHP)


Message History

Unknown command.
You hit the meat berserker.
You fatally mangle the meat berserker.
You kill the meat berserker!
You hit the bag of meat.
You hew the bag of meat savagely.
You kill the bag of meat!
You slash the meat berserker!
You fatally mangle the meat berserker.
You kill the meat berserker!
You hear a shout! x12
A meat berserker comes into view. It is wielding a +9 battleaxe.
You hear a shout! x2
The bag of meat hits you with a +9 war axe!
You hear a shout! x2
The bag of meat hits you with a +9 war axe!
Your Dodging skill gained 4 levels and is now at level 26!
Your Stealth skill gained 3 levels and is now at level 22!
Your Spellcasting skill gained 3 levels and is now at level 19!
You have reached level 15!
Your experience leads to an increase in your attributes!
Increase (S)trength, (I)ntelligence, or (D)exterity?
You feel agile. x2
The power to cast Eringya's Noxious Bog wells up from within.
Spell assigned to 'k'.
Unknown command.
You slash the bag of meat!
You fatally mangle the bag of meat.
You kill the bag of meat!
You slash the bag of meat!
You fatally mangle the bag of meat.
You kill the bag of meat!
You hear a shout! x5
The meat berserker rages.
You hear a shout! x3
The meat berserker hits you with a +9 battleaxe!!!
Ouch! That really hurt!
* * * LOW HITPOINT WARNING * * *
You hear a shout! x5
The bag of meat misses you.
You hear a shout! x2
The meat berserker rages.
The meat berserker hits you with a +9 battleaxe!!!
Ouch! That really hurt!
You die...

.. ... #. ..#
#.. ..# .
.###.. ..###..
......###......
......_o....
#.).).# #_.o@_#
#..Oo.#
......_.....
......###O.....
.###.. ..###..
#.. ..# . #.
..# .. ...


You could see 2 meat berserkers and 3 bags of meat.

Vanquished Creatures
  3 ogres (D)
  6 orcs (D)
9 creatures vanquished.

Notes
Turn   | Place    | Note
-------+----------+-------------------------------------------
     0 | D        | Found the +∞ Axe of Woe
     0 | D        | BigDaddyOpFi the Djinni Necromancer began the quest for the
                  | Orb.
     0 | D        | BigDaddyOpFi set off with the following spells memorised:
                  | Necrotise, Vampiric Draining, Animate Dead, Agony.
     0 | D        | Reached XP level 1. HP: 15/15 MP: 0/0
     1 | D        | Noticed a bag of meat
     2 | D        | Noticed a bag of meat
     2 | D        | Noticed a bag of meat
     3 | D        | Killed a bag of meat
     3 | D        | Noticed a meat berserker
     3 | D        | Noticed a bag of meat
     3 | D        | Noticed a bag of meat
     3 | D        | Noticed a bag of meat
     4 | D        | Reached skill level 16 in Dodging
     4 | D        | Reached XP level 2. HP: 21/21 MP: 0/0
     4 | D        | Reached XP level 3. HP: 25/25 MP: 0/0
     4 | D        | Learned a level 1 spell: Beastly Appendage
     4 | D        | Reached XP level 4. HP: 31/31 MP: 0/0
     4 | D        | Reached XP level 5. HP: 35/35 MP: 0/0
     4 | D        | Learned a level 2 spell: Passwall
     4 | D        | Reached XP level 6. HP: 40/40 MP: 0/0
     4 | D        | Reached XP level 7. HP: 45/45 MP: 0/0
     4 | D        | Learned a level 3 spell: Mephitic Cloud
     4 | D        | Reached XP level 8. HP: 50/50 MP: 0/0
     4 | D        | Reached XP level 9. HP: 55/55 MP: 0/0
     4 | D        | Learned a level 4 spell: Petrify
     4 | D        | Reached XP level 10. HP: 60/60 MP: 0/0
     4 | D        | Reached XP level 11. HP: 65/65 MP: 0/0
     4 | D        | Learned a level 5 spell: Blade Hands
     4 | D        | Killed a meat berserker
     4 | D        | Noticed a meat berserker
     4 | D        | Noticed a bag of meat
     4 | D        | Noticed a bag of meat
     5 | D        | Reached skill level 20 in Dodging
     5 | D        | Reached skill level 15 in Spellcasting
     5 | D        | Reached XP level 12. HP: 70/70 MP: 0/0
     5 | D        | Reached XP level 13. HP: 75/75 MP: 0/0
     5 | D        | Learned a level 5 spell: Metabolic Englaciation
     5 | D        | Noticed a bag of meat
     5 | D        | Noticed a bag of meat
     7 | D        | Killed a bag of meat
     7 | D        | Killed a bag of meat
     7 | D        | Noticed a meat berserker
     8 | D        | Reached skill level 22 in Dodging
     8 | D        | Reached XP level 14. HP: 80/80 MP: 0/0
     8 | D        | Noticed a meat berserker
     8 | D        | Killed a meat berserker
     8 | D        | Killed a bag of meat
     8 | D        | Killed a meat berserker
     8 | D        | Noticed a meat berserker
     9 | D        | Reached skill level 26 in Dodging
     9 | D        | Reached XP level 15. HP: 60/85 MP: 0/0
     9 | D        | Learned a level 6 spell: Eringya's Noxious Bog
     9 | D        | Annihilated by a meat berserker

Illustrated notes

Levels and vault maps discovered:
D:        meatsprint

Skill      XL: |  1  2  3  4  5  6  7  8  9 10 11 12 13 14 |
---------------+-------------------------------------------+-----
Dodging        | 16 20 22 26 | 26.5
Stealth        | 14 17 19 22 | 22.8
Spellcasting   | 12 15 16 19 | 19.8

Action                     |  1- 3 |  4- 6 |  7- 9 | 10-12 | 13-15 || total
---------------------------+-------+-------+-------+-------+-------++-------
  Melee: Executioner's axe |     1 |       |       |     1 |     3 ||     5
  Dodge: Dodged            |       |       |       |       |     2 ||     2

Table legend: (Time is in decaauts)
 A = Elapsed time spent in this place.
 B = Non-inter-level travel time spent in this place.
 C = Inter-level travel time spent in this place.
 D = Time resting spent in this place.
 E = Time spent auto-exploring this place.
 F = Levels seen in this place.
 G = Mean time per level.
                   A        B        C        D        E       F      G
               +--------+--------+--------+--------+--------+-----+--------+
         Total |     12 |     12 |      0 |      0 |      0 |   1 |   12.0 |
       Dungeon |     12 |     12 |      0 |      0 |      0 |   1 |   12.0 |
               +--------+--------+--------+--------+--------+-----+--------+

Top non-repeatable levels by time:
       D: 12 daAuts
